AoeStats
← LoadedStriker13

Black Forest

510467870Analyzed
4v4 RM · 2d ago on Oct 1, 2026· 60m 8s· 8 players
Game mode
Random Map
Map size
Large (8 player)
Population
200
Speed
Normal
Resources
Standard
Victory
Conquest
Starting age
Dark Age
Ending age
Imperial Age
RankedLock teamsTeams togetherTeam positionsShared explorationLock speedFull tech treeHidden civsTurbo modeCheats
Victory
Defeat
🇭🇰 Varangians · Hong Kong SAR China
459
+16
🇷🇺 Teutons · Russia
443
+17
🇨🇳 Huns · China
439
+17
🇲🇽 Portuguese · Mexico
423
+18
🇲🇽 Khmer · Mexico
536
-20
🇨🇦 Britons · Canada
515
-19
🇨🇳 Wei · China
418
-15
🇧🇴 Inca · Bolivia
400
-14
crash94
13:03 Feudal Age
18:57 Double-Bit Axe
22:46 Horse Collar
26:19 Castle Age
25:26 Gold Mining
25:28 Stone Mining
27:07 Heavy Plow
27:19 Bow Saw
27:46 Stone Shaft Mining
31:08 Wheelbarrow
32:04 Fletching
32:14 Padded Archer Armor
35:32 Imperial Age
35:31 Hand Cart
36:36 Town Watch
37:07 Elite Organ Gun
38:25 Town Patrol
40:12 Chemistry
43:18 Crop Rotation
43:51 Two-Man Saw
43:42 Arquebus
44:05 Ballistics
45:14 Conscription
44:47 Heated Shot
45:09 Siphons
50:30 Fortified Wall
53:12 Leather Archer Armor
52:53 Bodkin Arrow
53:03 Capped Ram
60:11 Loom
60:27 Scale Mail Armor
60:38 Forging
60:59 Ring Archer Armor
60:30 Bracer
60:12 Treadmill Crane
60:42 Masonry
60:29 Murder Holes
今天是魔王
0:35 Loom
11:42 Feudal Age
12:52 Double-Bit Axe
14:24 Wheelbarrow
13:56 Gold Mining
14:24 Horse Collar
17:18 Stone Mining
20:51 Fishing Lines
23:47 Castle Age
23:46 Fletching
28:59 Bodkin Arrow
29:17 Forging
29:14 Scale Barding Armor
31:29 Caravan
34:57 Heavy Plow
36:13 Treadmill Crane
36:55 Ballistics
36:31 Murder Holes
36:49 Masonry
37:37 Bow Saw
38:16 Stone Shaft Mining
37:40 Gillnets
38:23 Hand Cart
38:53 Squires
38:40 Arson
42:39 Imperial Age
40:29 Scale Mail Armor
41:06 Iron Casting
40:52 Chain Barding Armor
40:28 Town Watch
40:27 Vendel Legacy
44:15 Husbandry
44:28 Bloodlines
43:41 Light Cavalry
44:24 Hussar
48:34 Siege Engineers
49:00 Architecture
49:31 Chemistry
48:35 Bracer
49:36 Blast Furnace
49:14 Plate Barding Armor
48:55 Chain Mail Armor
49:11 Town Patrol
49:58 Conscription
49:23 Gothikon
49:31 Elite Varangian Guard
50:29 Cavalier
52:51 Plate Mail Armor
52:22 Padded Archer Armor
57:22 Crop Rotation
58:00 Two-Man Saw
Yakudzzza
10:06 Loom
21:20 Feudal Age
22:46 Wheelbarrow
21:57 Town Watch
22:05 Double-Bit Axe
26:52 Horse Collar
30:36 Gold Mining
32:03 Stone Mining
35:33 Castle Age
33:29 Fletching
33:51 Forging
33:42 Scale Mail Armor
33:56 Arson
36:08 Padded Archer Armor
36:55 Hand Cart
36:43 Town Patrol
37:09 Bow Saw
37:02 Heavy Plow
37:40 Stone Shaft Mining
40:24 Fortified Wall
40:27 Masonry
40:39 Ballistics
45:32 Imperial Age
47:15 Arrowslits
48:32 Chemistry
48:30 Hoardings
47:55 Bodkin Arrow
49:12 Iron Casting
48:53 Chain Mail Armor
48:45 Guard Tower
48:45 Elite Teutonic Knight
52:06 Blast Furnace
52:01 Crop Rotation
52:33 Two-Man Saw
54:31 Crenellations
54:30 Siege Engineers
56:16 Plate Mail Armor
56:18 Ironclad
60:35 Caravan
61:07 Coinage
60:48 Guilds
趁着风起拿下你
14:06 Feudal Age
18:42 Horse Collar
18:52 Double-Bit Axe
27:21 Castle Age
34:27 Imperial Age
38:28 Gold Mining
38:31 Stone Mining
38:45 Heavy Plow
38:59 Bow Saw
38:56 Elite Tarkan
43:32 Elite Skirmisher
LoadedStriker13
9:10 Feudal Age
11:32 Wheelbarrow
20:15 Double-Bit Axe
22:15 Town Watch
22:01 Man-at-Arms
27:28 Loom
28:12 Horse Collar
35:57 Castle Age
36:04 Castle Age
35:58 Gold Mining
35:58 Stone Mining
37:05 Hand Cart
37:29 Padded Archer Armor
37:30 Scale Mail Armor
37:41 Forging
37:05 Crossbowman
42:26 Fortified Wall
42:08 Guard Tower
42:16 Murder Holes
42:15 Heated Shot
42:37 Masonry
42:49 Leather Archer Armor
Marco 1985 MÉXICO City
1:21 Loom
13:28 Feudal Age
17:14 Double-Bit Axe
17:24 Fishing Lines
17:30 Horse Collar
20:36 Wheelbarrow
25:13 Castle Age
23:35 Horse Collar
23:49 Stone Mining
25:48 Gillnets
26:15 Bow Saw
26:45 Stone Shaft Mining
27:25 Hand Cart
28:40 Town Watch
28:48 Gold Mining
29:24 Town Patrol
32:39 Gold Shaft Mining
32:09 Husbandry
32:19 Bloodlines
39:16 Imperial Age
40:11 Scale Barding Armor
41:06 Caravan
41:55 Cavalier
wfcwilly
5:04 Loom
10:04 Feudal Age
10:39 Horse Collar
10:45 Double-Bit Axe
10:53 Gold Mining
14:34 Wheelbarrow
18:00 Stone Mining
24:01 Castle Age
25:25 Heavy Plow
25:36 Bow Saw
26:10 Gold Shaft Mining
26:26 Stone Shaft Mining
26:40 Hand Cart
36:35 Imperial Age
35:44 Padded Archer Armor
38:55 Scale Mail Armor
39:11 Leather Archer Armor
40:22 Thumb Ring
42:28 Crossbowman
43:52 Arbalester
45:01 Chain Mail Armor
46:18 Chemistry
47:49 Ring Archer Armor
50:13 Arrowslits
51:27 Guard Tower
Elite Savage
Connection lost

Rejoining the realm…

Still unreachable

The connection could not be restored.

Session expired

The server has moved on; the page needs a fresh start.